 Dungeon Crawl Stone Soup version 0.28-a0-724-g66f9036eb4 (webtiles) character file.

Game seed: 11370513482292918083

15 lawman0 the Grasshopper (level 2, -1/23 HPs)
             Began as a Barachi Warper on Oct 26, 2021.
             Slain by a goblin (4 damage)
             ... on level 1 of the Dungeon.
             The game lasted 00:00:43 (928 turns).

lawman0 the Grasshopper (Barachi Warper)             Turns: 928, Time: 00:00:44

Health: -1/23      AC:  3    Str: 12    XL:     2   Next: 50%
Magic:  14/14      EV: 11    Int: 13    God:
Gold:   13         SH:  0    Dex: 11    Spells: 3/5 levels left

rFire   . . .      SeeInvis .   a - +0 falchion
rCold   . . .      Faith    .   (no shield)
rNeg    . . .      Spirit   .   b - +0 leather armour
rPois   .          Reflect  .   (no helmet)
rElec   .          Harm     .   (no cloak)
rCorr   .          Rampage  .   (no gloves)
Will    .....                   (no boots)
Stlth   +.........              (no amulet)
HPRegen 0.07/turn               g - ring of magical power
MPRegen 0.14/turn               (no ring)

@: slow
A: amphibious, slowness 1, strong legs 1, +LOS
a: Hop


You were on level 1 of the Dungeon.
You visited 1 branch of the dungeon, and saw 1 of its levels.

You collected 13 gold pieces.

Inventory:

Hand Weapons
 a - a +0 falchion (weapon)
Missiles
 d - 5 boomerangs of dispersal (quivered)
Armour
 b - a +0 leather armour (worn)
Jewellery
 g - a ring of magical power (left hand)
Scrolls
 c - a scroll of blinking
 f - a scroll of identify {unknown}
Potions
 e - a potion of berserk rage {unknown}


   Skills:
 + Level 2.6 Fighting
 * Level 2.7 Long Blades
 + Level 1.0 Throwing
 + Level 1.3 Armour
 + Level 2.2 Dodging
 + Level 2.3 Spellcasting
 * Level 3.7 Translocations


You had 3 spell levels left.
You knew the following spells:

 Your Spells              Type           Power      Damage    Failure   Level
a - Blink                 Tloc           22%        N/A       11%         2

Your spell library contained the following spells:

 Spells                   Type           Power      Damage    Failure   Level
 Gell's Gravitas          Tloc           5%         N/A       21%         3
 Lesser Beckoning         Tloc           11%        N/A       21%         3
 Teleport Other           Tloc           11%        N/A       21%         3
 Manifold Assault         Tloc           11%        N/A       88%         5


Dungeon Overview and Level Annotations

Branches:
Dungeon (1/15)

Altars:


Innate Abilities, Weirdness & Mutations

You are amphibious.
You cover ground slowly.
You can hop short distances.
You have an extended range of vision and can be seen from far away.


Message History

The hobgoblin is moderately wounded.
The hobgoblin barely misses you. The goblin hits you but does no damage.
The hobgoblin hits you.
There are monsters nearby!
There are monsters nearby!
You hit the hobgoblin but do no damage.
The hobgoblin is moderately wounded.
The goblin misses you. The hobgoblin hits you.
There are monsters nearby!
You hit the hobgoblin.
The hobgoblin is almost dead.
The goblin misses you. The hobgoblin hits you.
You are too injured to fight recklessly!
There are monsters nearby!
Casting: Blink (safe; 11% risk of failure)
Confirm with . or Enter, or press ? or * to list all spells.
You blink.
Found a leather armour.
Unknown command.
You aren't carrying any items that you can evoke.
You feel stable enough to blink again.
You are too injured to fight recklessly!
You are too injured to fight recklessly!
You are too injured to fight recklessly!
You are too injured to fight recklessly!
You hit the goblin.
The goblin is severely wounded.
You hit the hobgoblin but do no damage.
The hobgoblin is heavily wounded.
The goblin hits you with a +0 club. The hobgoblin hits you.
* * * LOW HITPOINT WARNING * * *
The goblin hits you with a +0 club.
* * * LOW HITPOINT WARNING * * *
You hit the hobgoblin.
You kill the hobgoblin!
The goblin misses you.
Unknown command.
You hit the goblin but do no damage.
The goblin is severely wounded.
The goblin hits you with a +0 club.
You die...

.....# ##.....#
.....#########......#
......##..........###
..................#
...............#..#
.....#...###.###..##
.......### #.###...#
....#..# #..##†#.#
.......# ##..g@#.#
..#############....####
.##.........# #.......#
............# ##......###
###.........###.........#
######..................#
.######.##.####.....)...#
.#......##...##.........#
........####............#


You could see a goblin.

Vanquished Creatures
  3 endoplasms (D:1)
  A goblin (D:1)
  2 hobgoblins (D:1)
  A quokka (D:1)
  2 ball pythons (D:1)
  A bat (D:1)
  A frilled lizard (D:1)
  A kobold (D:1)
  3 rats (D:1)
15 creatures vanquished.

Notes
Turn   | Place    | Note
-------+----------+-------------------------------------------
     0 | D:1      | lawman0 the Barachi Warper began the quest for the Orb.
     0 | D:1      | Reached XP level 1. HP: 17/17 MP: 3/3
   307 | D:1      | Reached XP level 2. HP: 15/23 MP: 5/5
   445 | D:1      | Learned a level 2 spell: Blink
   928 | D:1      | Slain by a goblin

Illustrated notes

Levels and vault maps discovered:
D:1:      dpeg_arrival_tiny_a, layout_rooms

Action                   || total
-------------------------++-------
Melee: Falchion          ||    57
 Cast: Blink             ||     1
Armor: Leather armour    ||    14
Dodge: Dodged            ||    32

Table legend: (Time is in decaauts)
 A = Elapsed time spent in this place.
 B = Non-inter-level travel time spent in this place.
 C = Inter-level travel time spent in this place.
 D = Time resting spent in this place.
 E = Time spent auto-exploring this place.
 F = Levels seen in this place.
 G = Mean time per level.
                   A        B        C        D        E       F      G
               +--------+--------+--------+--------+--------+-----+--------+
         Total |    989 |    989 |      0 |    249 |    593 |   1 |  989.0 |
       Dungeon |    989 |    989 |      0 |    249 |    593 |   1 |  989.0 |
               +--------+--------+--------+--------+--------+-----+--------+

Top non-repeatable levels by time:
     D:1: 989 daAuts
